 Dungeon Crawl Stone Soup version 0.21.0 (webtiles) character file.

735888 Helmschank the Conqueror (level 27, -1/272 (273) HPs)
             Began as a Minotaur Fighter on Jan 5, 2018.
             Was the Champion of the Shining One.
             Slain by Gloorx Vloq (22 damage)
             ... in Pandemonium on Jan 6, 2018.
             The game lasted 07:31:09 (63879 turns).

Helmschank the Conqueror (Minotaur Fighter)        Turns: 63879, Time: 07:31:10

HP:   -1/272 (273)  AC: 47    Str: 34    XL:     27
MP:   36/36         EV: 19    Int: 14    God:    the Shining One [******]
Gold: 5078          SH: 51    Dex: 12    Spells: 17/26 levels left

rFire    + + .     SeeInvis .   a - +9 eveningstar (holy)
rCold    + . .     Gourm    .   Y - +8 large shield {AC+3}
rNeg     + + +     Faith    .   L - +8 orange crystal plate armour {Archmagi, Int+3 Clar}
rPois    +         Spirit   .   p - -2 hat of the Alchemist {rElec rPois rF+ rC+ rN+ MR+ rMut rCorr}
rElec    +         Reflect  .   N - +2 cloak
rCorr    +         Harm     .   s - +0 pair of gloves of the Blessed Realm {Slay+6}
rMut     +         Clarity  +   j - +2 pair of boots of Parts Unknown {Str+9}
MR       ++++.                  c - amulet of Lies {rN+ MR+ Regen+ Int+3}
Stlth    ..........             D - +6 ring of evasion
HPRegen  0.00/turn              w - ring of protection from fire
MPRegen  0.25/turn

@: lethally poisoned (-1 -> -22), divine shield, very slightly contaminated,
non-regenerating, diseased, slowed, glowing, very slow
A: retaliatory headbutt, horns 2, blurry vision 1, weak 2
}: 6/15 runes: serpentine, barnacled, silver, abyssal, glowing, fiery
a: Divine Shield, Cleansing Flame, Summon Divine Warrior, Renounce Religion


You were in Pandemonium.
You worshipped the Shining One.
The Shining One was exalted by your worship.
You were not hungry.

You visited 9 branches of the dungeon, and saw 45 of its levels.
You visited Pandemonium 1 time, and saw 15 of its levels.
You visited the Abyss 1 time.
You visited 1 bazaar.
You also visited: Labyrinth, Trove, Bailey, Ice Cave and Desolation.

You collected 9003 gold pieces.
You spent 3925 gold pieces at shops.

Inventory:

Hand Weapons
 a - a +9 eveningstar of holy wrath (weapon)
 b - the +8 whip "Snakebite" {curare, rPois}
   (You found it on level 2 of the Lair of Beasts)

   It poisons the flesh of those it strikes.
   It protects you from poison.
Missiles
 R - 32 javelins (quivered)
 S - 32 poisoned javelins
 X - 45 tomahawks of returning
 Z - 4 silver tomahawks
Armour
 j - the +2 pair of boots of Parts Unknown (worn) {Str+9}
   (You bought it in a shop on level 1 of the Orcish Mines)

   It affects your strength (+9).
 p - the -2 hat of the Alchemist (worn) {rElec rPois rF+ rC+ rN+ MR+ rMut rCorr}
   (You found it in a treasure trove)

   It protects you from fire.
   It protects you from cold.
   It insulates you from electricity.
   It protects you from poison.
   It protects you from negative energy.
   It affects your resistance to hostile enchantments.
   It protects you from acid and corrosion.
   It protects you from mutation.
 r - the +0 cloak of the Buccaneer {rF- rC++ Str+6}
   (You found it in Pandemonium)

   It affects your strength (+6).
   It makes you vulnerable to fire.
   It greatly protects you from cold.
 s - the +0 pair of gloves of the Blessed Realm (worn) {Slay+6}
   (You found it in a treasure trove)

   It affects your accuracy and damage with ranged weapons and melee attacks
   (+6).
 t - a +2 pair of boots of flying
 L - the +8 orange crystal plate armour (worn) {Archmagi, Int+3 Clar}
   (You found it in a treasure trove)

   It affects your intelligence (+3).
   It protects you against confusion.
 N - a +2 cloak (worn)
 Y - a +8 large shield of protection (worn)
Jewellery
 c - the amulet of Lies (around neck) {rN+ MR+ Regen+ Int+3}
   (You bought it in a shop on level 2 of the Orcish Mines)

   [amulet of regeneration]

   It affects your intelligence (+3).
   It protects you from negative energy.
   It affects your resistance to hostile enchantments.
   It increases your rate of regeneration.
 i - the ring of Naddicw {rF+ Str-3 Int+6 Dex+2}
   (You found it on level 5 of the Vaults)

   [ring of protection from fire]

   It affects your strength (-3).
   It affects your intelligence (+6).
   It affects your dexterity (+2).
   It protects you from fire.
 w - a ring of protection from fire (right hand)
 x - an uncursed ring of flight
 D - a +6 ring of evasion (left hand)
 H - an uncursed ring of protection from cold
 I - an uncursed ring of protection from magic
 M - the ring of Xom's Flight of Fancy {Ice Slay+3 SInv}
   (You found it in the Desolation of Salt)

   [ring of ice]

   It enhances your ice magic.
   It affects your accuracy and damage with ranged weapons and melee attacks
   (+3).
   It makes you vulnerable to fire.
   It protects you from cold.
   It lets you see invisible.
 T - the ring of the Lily {Int+4 Slay+3 Stlth-}
   (You took it off a balrug in Pandemonium)

   [ring of loudness]

   It affects your intelligence (+4).
   It affects your accuracy and damage with ranged weapons and melee attacks
   (+3).
   It makes you less stealthy.
Wands
 e - a wand of digging (54)
Scrolls
 h - 5 scrolls of magic mapping
 l - a scroll of blinking
 o - 22 scrolls of remove curse
 z - a scroll of acquirement
 A - a scroll of enchant armour
 E - 14 scrolls of identify
 F - 3 scrolls of silence
 G - a scroll of amnesia
 J - 22 scrolls of teleportation
 O - a scroll of immolation
 V - 3 scrolls of fear
 W - 5 scrolls of fog
Potions
 d - 6 potions of might
 g - 4 potions of haste
 k - 8 potions of heal wounds
 m - 16 potions of flight
 n - 7 potions of berserk rage
 q - 2 potions of cancellation
 u - 2 potions of agility
 v - 27 potions of curing
 B - 3 potions of resistance
 P - a potion of magic
 U - a potion of mutation
Books
 C - the Grimoire of the Arsonist and Clay
   (You found it in Pandemonium)

   Spells                             Type                      Level
   a - Flame Tongue                   Conjuration/Fire             1
   b - Sandblast                      Earth                        1
   c - Borgnjor's Vile Clutch         Necromancy/Earth             5
   d - Iron Shot                      Conjuration/Earth            6
   e - Ring of Flames                 Charms/Fire                  7
 K - the Tome of Excruciating Heat
   (You found it in Pandemonium)

   Spells                             Type                      Level
   a - Flame Tongue                   Conjuration/Fire             1
   b - Sticky Flame                   Conjuration/Fire             4
   c - Throw Icicle                   Conjuration/Ice              4
   d - Iskenderun's Battlesphere      Conjuration/Charms           5
Miscellaneous
 Q - a lightning rod (4/4)
Comestibles
 f - 66 rations


   Skills:
 O Level 27 Fighting
 - Level 16.0 Maces & Flails
 - Level 18.0 Throwing
 - Level 23.0 Armour
 - Level 11.0 Dodging
 + Level 26.6 Shields
 + Level 21.6 Invocations
 - Level 6.0 Evocations


You had 17 spell levels left.
You knew the following spells:

 Your Spells              Type           Power        Failure   Level  Hunger
a - Apportation           Tloc           #.....       87%         1    ##.....
b - Blink                 Tloc           N/A          95%         2    ###....
s - Swiftness             Chrm/Air       #.......     95%         2    ###....
Q - Force Lance           Conj/Tloc      #.......     100%        4    #####..


Dungeon Overview and Level Annotations

Branches:
Dungeon (15/15)            Temple (1/1) D:4            Lair (6/6) D:8
 Shoals (4/4) Lair:2        Snake (4/4) Lair:4        Slime (0/5) Lair:6
    Orc (2/2) D:9             Elf (3/3) Orc:2        Vaults (5/5) D:14
  Crypt (0/3) Vaults:3     Depths (5/5) D:15            Zot (0/5) Depths:5

Altars:
Ashenzari
Cheibriados
Dithmenos
Elyvilon
Fedhas
Gozag
Hepliaklqana
Kikubaaqudgha
Makhleb
Nemelex Xobeh
Okawaru
Qazlal
Ru
Sif Muna
Trog
Uskayaw
Vehumet
Wu Jian
Xom
Yredelemnul
Zin
The Shining One
Beogh

Shops:
D:9 *   D:10 [   Orc:1 **:!   Orc:2 =*}[   Elf:1 }   Elf:2 }   Shoals:1 (
Shoals:2 *   Shoals:3 ([(!   Snake:1 *   Snake:2 (   Vaults:1 *   Vaults:4 %
Vaults:5 (   Depths:1 =   Depths:4 }

Portals:
Hell: Depths:1 Depths:2 Depths:3 Depths:4 Depths:5
Abyss: Depths:3 Depths:4
Pandemonium: Depths:2 Depths:3
Ziggurat: Depths:5

Annotations:
D:9 exclusion: statue
Pan Gloorx Vloq


Innate Abilities, Weirdness & Mutations

You reflexively headbutt those who attack you in melee.
You have a pair of horns on your head.
Scrolls take you a little longer to read.
You are very weak. (Str -4)


Message History

You take 10 damage, and have 7/273 hp.
MP restored: 36 You feel much better.
You are engulfed in dark miasma.
You feel your flesh rotting away!
You feel ill.
You feel as though you will be slow longer.
* * * LOW HITPOINT WARNING * * *
You feel yourself slow down.
* * * LOW HITPOINT WARNING * * *
You feel sick. You block the Executioner's attack. x3
The Executioner hits you but does no damage. x2
You block the Executioner's attack.
Gloorx Vloq hits you but does no damage.
You block the Executioner's attack.
The Executioner hits you but does no damage. x2
The Executioner closely misses you. You furiously retaliate!
You headbutt the Executioner!! You block the Executioner's attack.
The Executioner hits you but does no damage.
Gloorx Vloq hits you!!
You die...

#..#..# #.$.......# ######
#.#...# #.........# #....#
#..#..# ##..(.$..## #....#
#(#...# #.......# #....#
#..#..# *,,,,,,,*
##....#######.#...# *,,,,,,,*
##..........#.1#..# **,,,,,**
##..........#.#&1.# *,,,,,*
............#..#@.# *,,,,,*
####........#.#1..# *,,,,,*
#........#..#[.#######+***+###
########.#.#.........#,,,,,#..
#.#..#........###,###..
#.#.#...........###(...
#.#..#.#[#.#.#.......#.
#.#.#.#.#.#.#.#.....#.#
#.#....................


You could see Gloorx Vloq and 3 Executioners.

Vanquished Creatures
  Cerebov (Pan)
  Mnoleg (Pan)
  3 ancient liches
  Mara (Shoals:3)
  A juggernaut (Depths:4)
  4 golden dragons
  2 bone dragons
  4 pandemonium lords (Pan)
  5 Brimstone Fiends (Pan)
  7 tentacled monstrosities
  2 Ice Fiends
  6 liches
  Rupert (Lair:6)
  2 Hell Sentinels (Pan)
  5 titans
  3 deep elf blademasters
  3 deep elf master archers
  2 krakens
  A quicksilver dragon (Abyss:4)
  6 sphinxes
  20 Executioners
  6 tengu reavers
  14 tentacled starspawn (Abyss:4)
  Kirke (D:15)
  2 storm dragons (shapeshifter) (Depths:3)
  A draconian monk (Depths:5)
  7 shadow dragons
  3 storm dragons
  7 warmongers (Pan)
  8 nagarajas
  Ilsuiw (Shoals:3)
  9 fire giants
  7 frost giants
  6 deep elf sorcerers
  2 corrupters (Pan)
  2 iron dragons
  14 vault wardens
  20 balrugs
  A draconian scorcher (Abyss:1)
  23 cacodemons
  4 draconian stormcallers (Depths:5)
  An angel (Pan)
  3 imperial myrmidons (Desolation)
  A ghost moth (Depths:4)
  A draconian annihilator (Depths:3)
  23 ironheart preservers
  22 stone giants
  2 curse skulls (Pan)
  5 deep elf elementalists
  A spriggan defender (Depths:4)
  9 reapers
  A juggernaut skeleton (Depths:2)
  4 war gargoyles
  19 very ugly things
  An entropy weaver (Vaults:2)
  A green draconian (Depths:5)
  2 vampire knights
  Nessos (Orc:2)
  11 deep elf annihilators
  2 blood saints (Pan)
  4 deep elf demonologists
  3 black suns (Pan)
  4 lorocyprocas
  A purple draconian (Abyss:1)
  3 spark wasps
  A red draconian (Depths:5)
  A halazid warlock (Desolation)
  2 black draconians (Depths:5)
  12 deep elf death magi
  2 eidola (Abyss:4)
  29 ettins
  Snorg (D:11)
  A blizzard demon (Pan)
  9 merfolk javelineers
  2 green deaths (Pan)
  A minotaur (Lab)
  A minotaur (shapeshifter) (Vaults:5)
  A quicksilver dragon zombie (Depths:2)
  8 fire dragons
  6 crystal guardians
  15 yaktaur captains
  33 vault guards
  17 merfolk impalers
  Josephine (Lair:6)
  9 deep elf high priests
  3 great orbs of eyes
  8 servants of whispers
  2 hell beasts (Pan)
  7 ice dragons
  6 hydras
  2 monstrous demonspawn (Pan)
  9 rakshasas
  3 juggernaut simulacra (Depths:3)
  11 naga warriors
  3 spriggan air magi
  3 peacekeepers (Desolation)
  5 ragged hierophants (Desolation)
  15 anacondas
  11 centaur warriors
  7 merfolk avatars
  A death knight (Vaults:4)
  49 two-headed ogres
  18 ogre magi
  5 satyrs
  A two-headed ogre (shapeshifter) (Depths:1)
  3 catoblepae
  7 merfolk aquamancers
  9 death yaks
  The ghost of mandarbmax the Harbinger of Death, a novice CeGl of Yredelemnul (D:10)
  Urug (D:12)
  A vampire mage (Depths:5)
  10 deep troll shamans
  4 tengu warriors
  32 dancing weapons
  2 alligator snapping turtles
  2 orc high priests (Orc:2)
  11 deep troll earth magi
  44 sun demons (Pan)
  14 naga sharpshooters
  11 thrashing horrors
  11 shock serpents
  3 hell hogs (Abyss:1)
  6 wretched stars
  2 spriggan berserkers (Depths:4)
  2 hell knights
  20 deep elf knights
  14 soul eaters
  Sonja (Lair:4)
  A titan skeleton (Depths:2)
  6 salamander mystics
  23 sixfirhies
  11 shadow wraiths
  2 death drakes (shapeshifter)
  4 skeletal warriors
  A fire crab (Lair:6)
  6 gelid demonspawn (Pan)
  4 iron trolls
  9 unseen horrors
  9 sea snakes
  2 swamp dragons (shapeshifter)
  A cherub (Pan)
  A death drake (Abyss:4)
  A sea snake (shapeshifter) (Depths:5)
  4 spatial maelstroms
  29 deep trolls
  A flayed ghost (Vaults:3)
  4 infernal demonspawn (Pan)
  7 naga ritualists
  A ghost moth zombie (Abyss:1)
  5 glowing orange brains
  27 ironbrand convokers
  A sphinx zombie (Depths:2)
  A lindwurm (shapeshifter) (Depths:3)
  An unseen horror (shapeshifter) (Vaults:4)
  A tengu zombie (Vaults:4)
  12 deep elf archers
  4 torturous demonspawn (Pan)
  8 shadow demons
  3 wizards
  3 lindwurms (Snake:4)
  4 phantasmal warriors
  17 harpies
  8 mana vipers
  7 necromancers
  3 orc sorcerers
  13 orc knights
  A shadow dragon zombie (Depths:2)
  A wolf spider (shapeshifter) (Depths:3)
  A tengu skeleton (Depths:2)
  3 wolf spiders (Vaults:3)
  A mana viper (shapeshifter) (Depths:3)
  An anaconda skeleton (Pan)
  51 deep elf magi
  A frost giant zombie (Depths:2)
  20 fauns
  An orb spider (shapeshifter) (Vaults:5)
  5 shining eyes
  11 salamanders
  An oklob plant (Snake:4)
  2 manticores (shapeshifter)
  11 cyclopes
  2 fire giant zombies (Depths:2)
  3 frost giant skeletons
  17 ugly things
  11 manticores
  A sphinx skeleton (Depths:2)
  A moth of wrath (shapeshifter) (Depths:3)
  11 merfolk sirens
  Maurice (Orc:2)
  3 rust devils (Pan)
  4 worldbinders
  2 human skeletons (Vaults:4)
  An apocalypse crab (Abyss:1)
  2 centaur zombies
  A dire elephant zombie (Abyss:1)
  12 naga magi
  A gargoyle (D:14)
  2 eyes of devastation (Pan)
  30 black mambas
  2 molten gargoyles (Lair:6)
  12 guardian serpents
  6 smoke demons
  2 stone giant skeletons (Pan)
  6 spiny frogs
  Psyche (D:12)
  20 vault sentinels
  20 orange demons
  5 water nymphs
  A kobold demonologist (D:13)
  3 ice statues
  A storm dragon simulacrum (Depths:2)
  3 hellions
  11 komodo dragons
  10 tormentors
  48 yaktaurs
  41 small abominations
  4 ice devils
  10 freezing wraiths
  A rime drake (IceCv)
  2 tengu conjurers
  11 efreet
  A catoblepas skeleton (Pan)
  6 demonic crawlers (Pan)
  9 hellwings
  8 trolls
  10 ancient zymes
  3 meliai (D:15)
  32 merfolk
  A meliai (shapeshifter) (Vaults:4)
  A slime creature (shapeshifter) (Vaults:3)
  A harpy skeleton (D:15)
  A troll (shapeshifter) (Depths:4)
  16 red devils (Pan)
  54 saltlings
  2 tengu simulacra (Depths:2)
  An iron dragon simulacrum (Abyss:1)
  8 snapping turtles
  6 wind drakes
  A wind drake (shapeshifter) (Depths:3)
  A hornet (shapeshifter) (Abyss:1)
  A blink frog (shapeshifter) (Vaults:5)
  A dream sheep (shapeshifter) (Depths:1)
  23 polar bears
  8 blink frogs
  2 hippogriffs (shapeshifter)
  24 slime creatures
  17 raiju
  A raiju (shapeshifter) (Vaults:4)
  A stone giant simulacrum (Abyss:4)
  7 hippogriffs
  8 dream sheep
  A frost giant simulacrum (Depths:2)
  A spriggan zombie (Depths:2)
  5 air elementals
  4 spriggan skeletons (Depths:2)
  A spriggan (D:8)
  2 shadows
  26 water elementals
  3 ettin skeletons
  3 vampires (Vaults:3)
  2 centaur simulacra
  A spriggan (shapeshifter) (Depths:3)
  7 wyverns
  10 flying skulls
  8 wraiths
  5 fire bats (Abyss:1)
  17 ynoxinuls
  59 yaks
  A tarantella (shapeshifter) (Depths:2)
  4 fire elementals
  A hog (shapeshifter) (Vaults:4)
  A basilisk (shapeshifter) (Vaults:1)
  6 golden eyes
  7 basilisks
  9 chaos spawn
  3 hogs (D:15)
  73 large abominations
  A human (shapeshifter) (Depths:2)
  A golden eye (shapeshifter) (Depths:4)
  2 steam dragons
  26 neqoxecs
  5 hungry ghosts
  41 nagas
  8 wargs
  A spatial vortex (Abyss:1)
  3 acid dragons
  2 soldier ants
  6 hell hounds
  7 porcupines
  3 floating eyes (Pan)
  A spiny frog zombie (Abyss:4)
  8 water moccasins
  29 orc warriors
  A spiny frog skeleton (Abyss:4)
  9 ice beasts
  A necrophage (D:11)
  A phantom (D:3)
  A sky beast (D:4)
  12 boggarts
  4 eyes of draining
  33 wolves
  An ettin simulacrum (Depths:2)
  A black bear (Lair:3)
  55 ogres
  25 centaurs
  A manticore skeleton (Pan)
  16 crocodiles
  5 big kobolds (D:13)
  A glowing shapeshifter simulacrum (Depths:2)
  18 bullfrogs
  4 earth elementals
  A wyvern zombie (D:15)
  2 scorpions (D:5)
  A water moccasin skeleton (D:11)
  A wyvern skeleton (D:8)
  A swamp dragon simulacrum (Abyss:4)
  11 killer bees (D:15)
  8 wights
  An electric eel (D:9)
  A howler monkey (D:8)
  5 crimson imps
  A bullfrog zombie (D:9)
  5 lava snakes (Lair:6)
  61 starcursed masses
  The ghost of bees the Sneak, a weakling SpAs (D:9)
  6 quasits
  A human simulacrum (Vaults:1)
  3 hounds
  6 jellies
  15 orc priests
  5 iron imps
  2 centaur skeletons
  3 iguanas
  16 orc wizards
  A bullfrog skeleton (D:12)
  9 worker ants
  2 killer bee zombies
  A hound skeleton (D:3)
  10 gnolls
  A howler monkey zombie (D:7)
  11 adders
  2 shadow imps
  4 white imps
  2 ufetubi
  6 oozes
  An adder zombie (D:7)
  An adder skeleton (D:7)
  A worm (D:3)
  2 dart slugs
  5 leopard geckos
  91 orcs
  5 bats
  5 giant cockroaches
  6 goblins
  11 hobgoblins
  20 jackals
  23 kobolds
  5 quokkas
  A ball python (D:6)
  9 frilled lizards
  A giant cockroach zombie (D:6)
  A quokka zombie (D:5)
  13 rats
  2 crawling corpses (Elf:3)
  4 fire vortices (Pan)
  A lurking horror (Abyss:4)
  A macabre mass (Abyss:4)
  8 plants
  22 starspawn tentacles (Abyss:4)
  7 tentacles
2856 creatures vanquished.

Vanquished Creatures (others)
  An eldritch tentacle (Pan)
  A fire giant (Vaults:4)
  A two-headed ogre (Vaults:5)
  A soul eater (Pan)
  A shadow wraith (Abyss:4)
  A glowing orange brain (Abyss:4)
  An ancient zyme (Abyss:4)
  A fire bat (Pan)
  A water elemental (Abyss:4)
  2 yaks (Lair:6)
  A human (D:15)
  2 spatial vortices (Abyss:4)
  A manticore skeleton (Abyss:4)
  A boggart (Depths:1)
  3 centaurs
  A wolf (shapeshifter) (Elf:3)
  An ufetubus (Abyss:4)
  A fungus (Lair:1)
  2 lurking horrors
  A macabre mass (Abyss:4)
  64 plants
  37 starspawn tentacles (Abyss:4)
  16 tentacles
142 creatures vanquished.

Grand Total: 2998 creatures vanquished

Notes
Turn   | Place    | Note
-------+----------+-------------------------------------------
     0 | D:1      | Helmschank the Minotaur Fighter began the quest for the Orb.
     0 | D:1      | Reached XP level 1. HP: 19/19 MP: 0/0
   116 | D:1      | Reached XP level 2. HP: 19/26 MP: 1/1
  1402 | D:2      | Reached XP level 3. HP: 31/31 MP: 2/2
  2161 | D:3      | Reached XP level 4. HP: 38/39 MP: 3/3
  2307 | D:3      | Reached skill level 5 in Maces & Flails
  2539 | D:3      | Noticed a phantom
  2556 | D:3      | Killed a phantom
  2556 | D:3      | Reached skill level 5 in Shields
  2556 | D:3      | Reached XP level 5. HP: 45/45 MP: 4/4
  2654 | D:4      | Reached skill level 4 in Fighting
  2678 | D:4      | Noticed a sky beast
  2697 | D:4      | Killed a sky beast
  2697 | D:4      | Reached skill level 5 in Fighting
  2697 | D:4      | Reached XP level 6. HP: 33/56 MP: 5/5
  2891 | D:4      | Reached skill level 5 in Armour
  3178 | D:4      | Noticed an orc warrior
  3218 | D:3      | Killed an orc warrior
  3218 | D:3      | Reached XP level 7. HP: 40/61 MP: 6/6
  3569 | D:4      | Found a staircase to the Ecumenical Temple.
  3574 | Temple   | Entered the Ecumenical Temple
  3605 | Temple   | Became a worshipper of the Shining One
  3793 | D:4      | Found a shattered altar of Ashenzari.
  4221 | D:5      | Entered Level 5 of the Dungeon
  4922 | D:5      | Reached skill level 1 in Throwing
  4922 | D:5      | Reached XP level 8. HP: 61/68 MP: 7/7
  5033 | D:5      | Found a glowing silver altar of Zin.
  5844 | D:6      | Found a sacrificial altar of Ru.
  5879 | D:6      | Reached skill level 6 in Fighting
  6016 | D:6      | Reached * piety under the Shining One
  6074 | D:6      | Reached skill level 7 in Fighting
  6668 | D:7      | Found a hazy altar of Hepliaklqana.
  6706 | D:7      | Reached XP level 9. HP: 68/79 MP: 8/8
  7184 | D:8      | Reached skill level 1 in Invocations
  7260 | D:8      | Found a blossoming altar of Fedhas.
  7262 | D:8      | Found an iron altar of Okawaru.
  7270 | D:8      | Found a bloodstained altar of Trog.
  7274 | D:8      | Found a sparkling altar of Nemelex Xobeh.
  7287 | D:8      | Found a basalt altar of Yredelemnul.
  7301 | D:8      | Reached ** piety under the Shining One
  7528 | D:8      | Reached skill level 10 in Maces & Flails
  7762 | D:8      | Found a staircase to the Lair.
  8116 | Lair:1   | Entered Level 1 of the Lair of Beasts
  8170 | D:8      | Reached skill level 5 in Invocations
  8170 | D:8      | Reached XP level 10. HP: 30/86 MP: 8/12
  8570 | Lair:1   | Noticed a four-headed hydra
  8713 | D:9      | Got a jewelled trident
  8714 | D:9      | Identified the +1 trident of the Wraith {pain, rC+ MP-9 Str+3 Dex+3} (You found it on level 9 of the Dungeon)
  8803 | D:9      | Found a burning altar of Makhleb.
  8840 | D:9      | Found a radiant altar of Vehumet.
  8845 | D:9      | Found Pawn's General Store.
  8850 | D:9      | Bought a scroll of noise for 14 gold pieces
  8850 | D:9      | Bought 2 potions of heal wounds for 140 gold pieces
  8870 | D:9      | Found a hazy altar of Hepliaklqana.
  8911 | D:9      | Found a staircase to the Orcish Mines.
  8943 | D:9      | Found a shadowy altar of Dithmenos.
  9033 | D:9      | Noticed bees's ghost (weakling SpAs)
  9043 | D:9      | Killed bees's ghost
  9502 | Lair:1   | Noticed a spiny frog
  9524 | Lair:1   | Killed a spiny frog
  9762 | Lair:1   | Killed a four-headed hydra
 10097 | Lair:1   | Identified a scroll of acquirement
 10238 | Lair:1   | Noticed a spiny frog
 10253 | Lair:1   | Killed a spiny frog
 10703 | Lair:1   | Reached skill level 8 in Fighting
 10703 | Lair:1   | Reached XP level 11. HP: 60/94 MP: 16/16
 11124 | Lair:2   | Reached skill level 9 in Fighting
 11158 | Lair:2   | Found a staircase to the Shoals.
 11399 | Lair:2   | Noticed a four-headed hydra
 11406 | Lair:2   | Killed a four-headed hydra
 11406 | Lair:2   | Reached skill level 5 in Throwing
 11637 | Lair:2   | Found the +8 whip "Snakebite" {curare, rPois}
 12228 | Lair:3   | Reached *** piety under the Shining One
 12750 | Lair:4   | Noticed a catoblepas
 12750 | Lair:4   | Noticed a catoblepas
 12844 | Lair:4   | Killed a catoblepas
 12848 | Lair:4   | Reached XP level 12. HP: 78/104 MP: 18/18
 12860 | Lair:4   | Killed a catoblepas
 12997 | Lair:4   | Noticed a five-headed hydra
 13005 | Lair:4   | Killed a five-headed hydra
 13005 | Lair:4   | Reached skill level 10 in Invocations
 13226 | Lair:4   | Noticed Sonja
 13238 | Lair:4   | Killed Sonja
 13370 | Lair:4   | Found a staircase to the Snake Pit.
 13938 | Lair:5   | Found a sparkling altar of Nemelex Xobeh.
 14813 | Lair:6   | Entered Level 6 of the Lair of Beasts
 15047 | Lair:6   | Found a staircase to the Slime Pits.
 15074 | Lair:6   | Reached **** piety under the Shining One
 15172 | Lair:6   | Noticed a seven-headed hydra
 15395 | Lair:6   | Found a frozen archway.
 15423 | IceCv    | Entered an ice cave
 15435 | IceCv    | Reached skill level 10 in Shields
 15999 | IceCv    | Reached XP level 13. HP: 105/111 MP: 21/21
 16278 | IceCv    | Reached skill level 10 in Fighting
 16458 | IceCv    | Reached skill level 11 in Fighting
 16580 | IceCv    | Noticed a frost giant
 16596 | IceCv    | Killed a frost giant
 16596 | IceCv    | Reached skill level 10 in Armour
 17308 | Lair:6   | Reached skill level 12 in Fighting
 17624 | Lair:6   | Noticed Rupert
 17626 | Lair:6   | Noticed a fire dragon
 17785 | Lair:6   | Found a large runed door.
 17785 | Lair:6   | Found a large runed door.
 17876 | Lair:6   | Noticed Josephine
 17879 | Lair:6   | Reached ***** piety under the Shining One
 17895 | Lair:6   | Reached skill level 13 in Fighting
 17923 | Lair:6   | Killed Josephine
 18054 | Lair:6   | Reached XP level 14. HP: 92/129 MP: 22/22
 18233 | Lair:6   | Paralysed by Rupert for 4 turns
 18277 | Lair:6   | Killed Rupert
 18280 | Lair:6   | Got a dazzling plate armour
 18335 | Lair:6   | Identified the +8 plate armour "Ruxicrayck" {Int+4} (You took it off Rupert on level 6 of the Lair of Beasts)
 18876 | Orc:1    | Entered Level 1 of the Orcish Mines
 18876 | Orc:1    | Noticed a stone giant
 18929 | D:9      | Killed a stone giant
 19161 | Orc:2    | Entered Level 2 of the Orcish Mines
 19161 | Orc:2    | Found a labyrinth entrance.
 19161 | Orc:2    | Found a staircase to the Elven Halls.
 19268 | Lab      | Entered a labyrinth
 19424 | Lab      | Got twisted fire dragon scales
 19463 | Orc:1    | Identified the +0 fire dragon scales "Zixtui" {rF++ rC- Int+4} (You took it off a minotaur in a labyrinth)
 19533 | Orc:2    | Noticed Nessos
 19663 | Orc:2    | Paralysed by an ogre mage for 5 turns
 19676 | Orc:2    | Killed Nessos
 20049 | Orc:2    | Noticed Maurice
 20081 | Orc:2    | Killed Maurice
 20213 | Orc:2    | Found Ugeepit's General Store.
 20213 | Orc:2    | Found Feesec's Antique Armour Shoppe.
 20214 | Orc:2    | Found Hilar's Jewellery Emporium.
 20214 | Orc:2    | Found Onworrai's Gadget Shop.
 20236 | Orc:2    | Bought a pair of glowing gloves for 247 gold pieces
 20247 | Orc:2    | Bought a large shield for 148 gold pieces
 20262 | Orc:2    | Bought the amulet of Lies {rN+ MR+ Regen+ Int+3} for 637 gold pieces
 20460 | Orc:1    | Found Ejuhey Maer's Distillery.
 20465 | Orc:1    | Bought a potion of curing for 51 gold pieces
 20465 | Orc:1    | Bought a potion of berserk rage for 85 gold pieces
 20465 | Orc:1    | Bought a potion of haste for 170 gold pieces
 20465 | Orc:1    | Bought a potion of haste for 170 gold pieces
 20465 | Orc:1    | Bought a potion of curing for 51 gold pieces
 20482 | Orc:1    | Found Kumos's Book Boutique.
 20577 | Orc:1    | Found Ynuets's Assorted Antiques.
 20616 | Orc:1    | Found Duxzui's General Store.
 20627 | Orc:1    | Found a roughly hewn altar of Beogh.
 20855 | D:10     | Entered Level 10 of the Dungeon
 20866 | D:10     | Found Okikhliorch's Armour Shop.
 21144 | D:10     | Noticed mandarbmax's ghost (novice CeGl)
 21161 | D:10     | Killed mandarbmax's ghost
 21205 | D:10     | Identified the Tome of Stolen Souls and the Entourage
 21383 | D:11     | Noticed Snorg
 21390 | D:11     | Killed Snorg
 21516 | D:11     | Reached XP level 15. HP: 136/136 MP: 23/23
 21709 | D:11     | Found an ancient bone altar of Kikubaaqudgha.
 21865 | D:11     | Found a portal to a secret trove of treasure.
 21962 | D:12     | Noticed Urug
 21984 | D:12     | Killed Urug
 22069 | D:12     | Noticed Psyche
 22076 | D:12     | Killed Psyche
 23411 | D:14     | Found a flagged portal.
 23480 | Bailey   | Entered a bailey
 23899 | D:14     | Reached skill level 14 in Fighting
 23951 | D:14     | Found a glowing golden altar of the Shining One.
 24085 | D:14     | Reached ****** piety under the Shining One
 24219 | D:14     | Found a gate to the Vaults.
 24630 | D:15     | Entered Level 15 of the Dungeon
 24739 | D:15     | Noticed Kirke
 24774 | D:15     | Killed Kirke
 25162 | D:15     | Found a staircase to the Depths.
 25227 | D:15     | Reached skill level 15 in Shields
 25240 | D:15     | Reached skill level 15 in Fighting
 26176 | Snake:1  | Entered Level 1 of the Snake Pit
 26196 | Snake:1  | Found Suynk's General Store.
 26320 | Snake:1  | Found an iron altar of Okawaru.
 26991 | Snake:2  | Found Pujap's Antique Weapon Boutique.
 27222 | Orc:1    | Bought the +2 pair of boots of Parts Unknown {Str+9} for 606 gold pieces
 27318 | D:10     | Bought the +2 hat of the Bear Spirit {Spirit, +Rage rN+ MR++} for 469 gold pieces
 27318 | D:10     | Found the +2 hat of the Bear Spirit {Spirit, +Rage rN+ MR++}
 27479 | Snake:2  | Noticed a nagaraja
 27613 | Snake:2  | Reached XP level 16. HP: 138/149 MP: 20/24
 28701 | Snake:3  | Got a brightly glowing ring mail
 28702 | Snake:3  | Identified the +5 ring mail of Music {rCorr Int-4 Stlth+} (You found it on level 3 of the Snake Pit)
 29141 | Snake:4  | Entered Level 4 of the Snake Pit
 29534 | Snake:4  | Found a burning altar of Makhleb.
 29542 | Snake:4  | Reached skill level 15 in Armour
 30589 | Snake:4  | Reached skill level 10 in Throwing
 30688 | Snake:4  | Reached XP level 17. HP: 146/156 MP: 26/26
 30772 | Snake:4  | Reached skill level 15 in Maces & Flails
 31412 | Snake:4  | Got a serpentine rune of Zot
 31797 | Shoals:1 | Entered Level 1 of the Shoals
 31960 | Shoals:1 | Found Fucigawn's Antique Weapon Boutique.
 32052 | Shoals:1 | Noticed a kraken
 32108 | Shoals:1 | Killed a kraken
 32108 | Shoals:1 | Reached skill level 1 in Evocations
 32476 | Shoals:2 | Got a bone long sword
 32477 | Shoals:2 | Identified the +10 long sword of Ytajiat {flame, rN++ MR- Str+2 Int+3} (You found it on level 2 of the Shoals)
 32601 | Shoals:2 | Found Ramireg's Island Escapes.
 32772 | Shoals:2 | Reached skill level 5 in Evocations
 32897 | Shoals:2 | Bought a potion of haste for 150 gold pieces
 32897 | Shoals:2 | Bought a potion of flight for 45 gold pieces
 33119 | Shoals:3 | Found Kamef's Antique Weapon Shop.
 33416 | Shoals:3 | Found Qeacs's Antique Armour Shop.
 33421 | Shoals:3 | Found Nuonuq's Weapon Shoppe.
 33448 | Shoals:3 | Noticed Ilsuiw
 33724 | Shoals:3 | Noticed Mara
 33725 | Shoals:3 | Noticed Helmschank's illusion
 33801 | Shoals:3 | Noticed Helmschank's illusion
 33844 | Shoals:3 | Killed Mara
 33844 | Shoals:3 | Reached XP level 18. HP: 101/163 MP: 16/27
 34049 | Shoals:3 | Killed Ilsuiw
 34484 | Shoals:3 | Found Qusu Zim's Distillery.
 34492 | Shoals:3 | Bought a potion of heal wounds for 70 gold pieces
 34492 | Shoals:3 | Bought a potion of curing for 42 gold pieces
 34492 | Shoals:3 | Bought a potion of curing for 42 gold pieces
 34492 | Shoals:3 | Bought a potion of berserk rage for 70 gold pieces
 34551 | Shoals:3 | Got a polished ring mail
 34552 | Shoals:3 | Identified the +0 ring mail of the Endless Stars {Int+3 Slay+2} (You found it on level 3 of the Shoals)
 34630 | Shoals:4 | Entered Level 4 of the Shoals
 34816 | Shoals:4 | Reached skill level 16 in Fighting
 34928 | Shoals:4 | Found a flickering gateway to a bazaar.
 35059 | Bazaar   | Entered a bazaar
 35059 | Bazaar   | Found Nias's Weapon Shoppe.
 35059 | Bazaar   | Found Texeawun's Armour Emporium.
 35060 | Bazaar   | Found Bohyol's Gadget Shoppe.
 35060 | Bazaar   | Found Yheyvv Zasm's Assorted Antiques.
 35100 | Bazaar   | Bought 2 potions of heal wounds for 210 gold pieces
 35100 | Bazaar   | Bought a large granite ring for 105 gold pieces
 35100 | Bazaar   | Bought a potion of heal wounds for 105 gold pieces
 35373 | Shoals:4 | Reached skill level 17 in Fighting
 35907 | Shoals:4 | Got a barnacled rune of Zot
 36308 | D:14     | Identified a +7 eveningstar of holy wrath (a +5 eveningstar blessed by the Shining One)
 36308 | D:14     | Received a gift from the Shining One
 36344 | Vaults:1 | Entered Level 1 of the Vaults
 36519 | Vaults:1 | Found Hoele's General Store.
 36667 | Vaults:1 | Reached XP level 19. HP: 174/177 MP: 28/28
 38152 | D:11     | You paid a toll of +3 ice dragon scales to enter a treasure trove
 38153 | Trove    | Entered a treasure trove
 38156 | Trove    | Found the -2 hat of the Alchemist {rElec rPois rF+ rC+ rN+ MR+ rMut rCorr}
 38156 | Trove    | Found the +8 orange crystal plate armour {Archmagi, Int+3 Clar}
 38156 | Trove    | Found the +0 pair of fencer's gloves {+Riposte Dex+3}
 38157 | Trove    | Found the +27 Lear's hauberk
 38158 | Trove    | Got a polished chain mail
 38164 | Trove    | Got a pair of bloodstained gloves
 38168 | Trove    | Got bloodstained shadow dragon scales
 38178 | Trove    | Got a steaming shield
 38180 | Trove    | Got a smoking ring mail
 38232 | D:11     | Identified the +2 chain mail of Generosity {-Tele rElec Str+8 Int-2} (You found it in a treasure trove)
 38233 | D:11     | Identified the +10 shadow dragon scales of the Elephant {rPois SInv Stlth++++} (You found it in a treasure trove)
 38234 | D:11     | Identified the +0 pair of gloves of the Blessed Realm {Slay+6} (You found it in a treasure trove)
 38235 | D:11     | Identified the +0 shield of the Ecumenical Temple {Int+7 Dex+4} (You found it in a treasure trove)
 38236 | D:11     | Identified the +5 ring mail of the Comet {Int+3 Slay+2} (You found it in a treasure trove)
 39007 | Vaults:2 | Found the +0 mask of the Dragon {MR+ Slay+3 SInv}
 39797 | Vaults:1 | Upgraded the game from 0.21-b1-23-g1fb0a74 to 0.21.0
 40141 | Vaults:3 | Reached skill level 15 in Invocations
 40677 | Vaults:3 | Reached XP level 20. HP: 185/185 MP: 30/30
 40729 | Vaults:3 | Found a staircase to the Crypt.
 40978 | Vaults:3 | Reached skill level 18 in Fighting
 41451 | Vaults:4 | Reached skill level 19 in Fighting
 42173 | Vaults:4 | Found Bioc's Food Boutique.
 44026 | Vaults:5 | Entered Level 5 of the Vaults
 44125 | Vaults:5 | Noticed a golden dragon
 44228 | Vaults:4 | Killed a golden dragon
 44228 | Vaults:4 | Reached XP level 21. HP: 192/198 MP: 31/31
 44608 | Vaults:5 | Noticed an ancient lich
 44619 | Vaults:4 | Got a brightly glowing bronze amulet
 44768 | Vaults:5 | Killed an ancient lich
 44775 | Vaults:5 | Noticed a golden dragon
 44878 | Vaults:4 | Killed a golden dragon
 45226 | Vaults:5 | Reached XP level 22. HP: 174/205 MP: 33/33
 45394 | Vaults:5 | Got a silver rune of Zot
 45668 | Vaults:5 | Identified the amulet "Exed Abru" {Faith rN+ MR+ Stlth+} (You found it on level 4 of the Vaults)
 45689 | Vaults:5 | Learned a level 2 spell: Swiftness
 45727 | Vaults:5 | Found Kuqiog's Weapon Shop.
 45779 | Vaults:5 | Noticed an ancient lich
 45787 | Vaults:5 | Killed an ancient lich
 46179 | Vaults:5 | Got a steaming bone ring
 46180 | Vaults:5 | Identified the ring of Naddicw {rF+ Str-3 Int+6 Dex+2} (You found it on level 5 of the Vaults)
 46319 | Vaults:5 | Got a heavily runed wooden ring
 46320 | Vaults:5 | Identified the ring "Jaon" {rF+ rN+ Str-3 Dex+3} (You took it off a vault warden on level 5 of the Vaults)
 46353 | Vaults:5 | Got a smoking flail {elec}
 46354 | Vaults:5 | Identified the cursed +1 flail "Minotaur's Curse" {elec, rF+} (You took it off a yaktaur on level 5 of the Vaults)
 46582 | Vaults:1 | Learned a level 2 spell: Blink
 46587 | Vaults:1 | Learned a level 4 spell: Force Lance
 46604 | Vaults:1 | Got a coiled ruby amulet
 46605 | Vaults:1 | Identified the amulet of Nogucit {Spirit rPois} (You acquired it on level 1 of the Vaults)
 46853 | Elf:1    | Entered Level 1 of the Elven Halls
 46933 | Elf:1    | Found Ucumaw's Gadget Emporium.
 47040 | Elf:1    | Found a ruined gateway.
 47074 | Desolati | Entered the Desolation of Salt
 47100 | Desolati | Identified the Papyrus of Dislocated Protection
 47227 | Desolati | Got a steaming glass ring
 47228 | Desolati | Identified the cursed ring "Etetziti" {*Corrode rElec rN+++ Int-4 Dex-3} (You found it in the Desolation of Salt)
 47231 | Desolati | Identified the Handbook of the Birds and Combat Magic
 47489 | Desolati | Reached skill level 1 in Dodging
 47565 | Desolati | Got a smoking wooden ring
 47566 | Desolati | Identified the ring of Jyaseuz {*Tele rF- Str+5} (You found it in the Desolation of Salt)
 47590 | Desolati | Got a translucent hunting sling
 47591 | Desolati | Identified the +9 hunting sling of the Establishment {velocity, +Inv rF++ Int-3} (You found it in the Desolation of Salt)
 47759 | Desolati | Got a scorched glass ring
 47760 | Desolati | Identified the ring of Xom's Flight of Fancy {Ice Slay+3 SInv} (You found it in the Desolation of Salt)
 48122 | Elf:1    | Reached skill level 5 in Dodging
 48594 | Elf:2    | Found Muocuopnu's Gadget Shop.
 48597 | Elf:2    | Reached skill level 15 in Throwing
 48896 | Elf:2    | Reached XP level 23. HP: 209/212 MP: 34/34
 48909 | Elf:2    | Found a runed gate.
 48909 | Elf:2    | Found a runed gate.
 48909 | Elf:2    | Found a runed gate.
 49518 | Elf:3    | Entered Level 3 of the Elven Halls
 50207 | Elf:3    | Found the +9 heavy crossbow "Sniper" {velocity, Acc+∞ SInv}
 50211 | Elf:3    | Identified the Catalogue of Shifting Clay
 50239 | Elf:3    | Got a pitted copper amulet
 50240 | Elf:3    | Identified the amulet "Derealav" {Inacc Str+3 Int+2 Dex-3} (You found it on level 3 of the Elven Halls)
 50253 | Elf:3    | Learned a level 1 spell: Apportation
 50256 | Elf:3    | Identified Yzuis's Theurgy Continued
 51096 | Depths:1 | Entered Level 1 of the Depths
 51168 | Depths:1 | Found a gateway to Hell.
 51203 | Depths:1 | Reached skill level 20 in Fighting
 51349 | Depths:1 | Found the +8 longbow "Zephyr" {speed, Dex+3 SInv}
 51528 | Depths:1 | Found Hotya's Jewellery Boutique.
 51536 | Depths:1 | Bought a +3 amulet of reflection for 298 gold pieces
 52019 | Depths:2 | Found a one-way gate leading to the halls of Pandemonium.
 52101 | Depths:2 | Reached XP level 24. HP: 225/225 MP: 34/34
 52240 | Depths:2 | Found an ancient bone altar of Kikubaaqudgha.
 52240 | Depths:2 | Noticed an ancient lich
 52252 | Depths:2 | Killed an ancient lich
 52273 | Depths:2 | Reached skill level 21 in Fighting
 53202 | Depths:3 | Found a one-way gate to the infinite horrors of the Abyss.
 54641 | Depths:4 | Found the +2 cloak of the Thief {+Fog Slay-2 SInv Stlth+}
 54773 | Depths:4 | Found Ateuwet's Gadget Emporium.
 55117 | Depths:4 | Reached XP level 25. HP: 203/234 MP: 35/35
 55268 | Depths:4 | Noticed a juggernaut
 55279 | Depths:4 | Killed a juggernaut
 55335 | Depths:4 | Found the +12 glaive of Prune {chop}
 55606 | Depths:5 | Entered Level 5 of the Depths
 55853 | Depths:5 | Reached skill level 10 in Dodging
 56115 | Depths:5 | Found a gate to the Realm of Zot.
 56282 | Depths:5 | Found a gateway to a ziggurat.
 56540 | Depths:4 | Voluntarily entered the Abyss.
 56570 | Abyss:1  | Got twisted acid dragon scales
 56571 | Abyss:1  | Identified the cursed +0 acid dragon scales of Pride {rElec rF+ rCorr} (You found it on level 1 of the Abyss)
 56599 | Abyss:1  | Found a corrupted altar of Lugonu.
 57676 | Abyss:3  | Found a corrupted altar of Lugonu.
 57844 | Abyss:4  | Found a corrupted altar of Lugonu.
 58043 | Abyss:4  | Paralysed by accursed screaming for 1 turns
 58069 | Abyss:4  | Paralysed by accursed screaming for 1 turns
 58077 | Abyss:4  | Paralysed by accursed screaming for 2 turns
 58082 | Abyss:4  | Paralysed by accursed screaming for 2 turns
 58211 | Abyss:4  | Paralysed by accursed screaming for 1 turns
 58213 | Abyss:4  | Paralysed by accursed screaming for 2 turns
 58218 | Abyss:4  | Reached skill level 22 in Fighting
 58219 | Abyss:4  | Paralysed by accursed screaming for 1 turns
 58243 | Abyss:4  | Paralysed by accursed screaming for 1 turns
 58292 | Abyss:4  | Reached XP level 26. HP: 210/248 MP: 24/36
 58358 | Abyss:4  | Reached skill level 23 in Fighting
 58408 | Abyss:4  | Gained mutation: You are weak. (Str -2) [a shining eye]
 58431 | Abyss:4  | Got an abyssal rune of Zot
 58603 | Abyss:4  | Reached skill level 24 in Fighting
 58668 | Depths:4 | Escaped the Abyss
 58738 | Pan      | Entered Pandemonium
 58972 | Pan      | Noticed Taent the pandemonium lord
 58986 | Pan      | Killed Taent the pandemonium lord
 59142 | Pan      | Found a runed door.
 59504 | Pan      | Noticed Bayna the pandemonium lord
 59516 | Pan      | Killed Bayna the pandemonium lord
 59594 | Pan      | Noticed Bacu Ysk the pandemonium lord
 60171 | Pan      | Entered the realm of Cerebov.
 60778 | Pan      | Got a fine bone ring
 60791 | Pan      | Reached XP level 27. HP: 264/264 MP: 36/36
 60827 | Pan      | Reached skill level 25 in Fighting
 60832 | Pan      | Noticed Cerebov
 61107 | Pan      | Identified the ring of the Lily {Int+4 Slay+3 Stlth-} (You took it off a balrug in Pandemonium)
 61149 | Pan      | Got a transparent granite ring
 61150 | Pan      | Identified the ring "Qeeggen" {*Slow +Fly Int+4 Dex+2 SInv} (You found it in Pandemonium)
 61176 | Pan      | Got a jewelled cloak
 61178 | Pan      | Identified the +0 cloak of the Buccaneer {rF- rC++ Str+6} (You found it in Pandemonium)
 61242 | Pan      | Identified the Grimoire of the Arsonist and Clay
 61244 | Pan      | Identified the Tome of Excruciating Heat
 61576 | Pan      | Killed Cerebov
 61576 | Pan      | Reached skill level 26 in Fighting
 61795 | Pan      | Got a fiery rune of Zot
 61909 | Pan      | Entered the realm of Mnoleg.
 61917 | Pan      | Gained mutation: You are very weak. (Str -4) [a cacodemon]
 62059 | Pan      | Gained mutation: Scrolls take you a little longer to read. [a neqoxec]
 62155 | Pan      | Noticed Mnoleg
 62169 | Pan      | Paralysed by a floating eye for 3 turns
 62185 | Pan      | Killed Mnoleg
 62201 | Pan      | Reached skill level 27 in Fighting
 62296 | Pan      | Got a glowing rune of Zot
 62320 | Pan      | Got a dazzling mace
 62323 | Pan      | Identified the +4 mace of Trauma {antimagic, *Slow rF+++ Dex+6} (You found it in Pandemonium)
 62960 | Pan      | Noticed Gidush the pandemonium lord
 62981 | Pan      | Killed Gidush the pandemonium lord
 63200 | Pan      | Noticed Jinne the pandemonium lord
 63209 | Pan      | Killed Jinne the pandemonium lord
 63239 | Pan      | Entered the realm of Gloorx Vloq.
 63821 | Pan      | Noticed Gloorx Vloq
 63873 | Pan      | HP: 12/272 [Gloorx Vloq/poison arrow (26)]
 63875 | Pan      | The Shining One protects you from harm!
 63878 | Pan      | HP: 9/273 [Gloorx Vloq] (8)]
 63879 | Pan      | Slain by Gloorx Vloq

Skill      XL: |  1  2  3  4  5  6  7  8  9 10 11 12 13 14 15 16 17 18 19 20 21 22 23 24 25 26 27 |
---------------+----------------------------------------------------------------------------------+-----
Maces & Flails | 3 4 6 8 9 11 12 14 16 | 16.0
Shields        | 4 5 6 7 9 10 11 13 16 17 19 21 22 25 26 | 26.6
Fighting       | 5 7 8 9 13 15 17 19 20 21 22 24 27 | 27.0
Armour         | 5 7 9 11 13 15 17 19 20 21 23 | 23.0
Throwing       | 1 4 6 8 10 12 13 15 16 18 | 18.0
Invocations    | 5 8 9 12 13 14 15 16 17 19 20 21 | 21.6
Evocations     | 6 |  6.0
Dodging        | 6 7 9 11 | 11.0

Action                   |  1- 3 |  4- 6 |  7- 9 | 10-12 | 13-15 | 16-18 | 19-21 | 22-24 | 25-27 || total
-------------------------+-------+-------+-------+-------+-------+-------+-------+-------+-------++-------
Melee: Flail             |    33 |     9 |     3 |       |       |       |       |       |       ||    45
       Headbutt          |    17 |    25 |    77 |   172 |   348 |   449 |   377 |   343 |   387 ||  2195
       Whip              |    71 |   128 |   341 |   675 |  1411 |  1384 |   730 |   311 |    26 ||  5077
       Mace              |       |       |    19 |       |       |       |       |       |       ||    19
       Eveningstar       |       |       |       |       |     9 |    24 |   218 |   718 |  1320 ||  2289
 Fire: Hunting sling     |       |       |     4 |       |       |       |       |       |       ||     4
Throw: Stone             |    11 |    34 |    99 |    60 |    53 |       |       |       |       ||   257
       Tomahawk          |       |    11 |    25 |   101 |   157 |   340 |       |       |       ||   634
       Javelin           |       |       |       |       |    41 |   148 |   245 |   535 |   292 ||  1261
Invok: Divine Shield     |       |       |     1 |     1 |     4 |       |     3 |       |     2 ||    11
       Cleansing Flame   |       |       |       |       |       |     1 |    20 |    23 |    95 ||   139
       Brand Weapon With |       |       |       |       |       |     1 |       |       |       ||     1
       Summon Divine War |       |       |       |       |       |       |       |       |     1 ||     1
 Abil: Evoke Flight      |       |       |       |       |       |     1 |       |       |       ||     1
Evoke: Wand              |       |       |       |     1 |       |     2 |     1 |     1 |     1 ||     6
  Use: Scroll            |       |       |    15 |    10 |     8 |     7 |    11 |    18 |    14 ||    83
       Potion            |       |       |       |       |     7 |     1 |     1 |     3 |    26 ||    38
  Eat: Chunk             |     4 |     3 |    12 |    17 |    31 |    18 |    15 |    26 |     7 ||   133
       Ration            |       |       |     2 |     3 |     1 |     4 |     5 |     2 |    11 ||    28
Armor: Scale mail        |    35 |    39 |       |       |       |       |       |       |       ||    74
       Plate armour      |       |       |    76 |   144 |   233 |   375 |    33 |       |       ||   861
       Crystal plate arm |       |       |       |       |       |       |   269 |   227 |   365 ||   861
Dodge: Dodged            |    21 |    17 |    66 |   163 |   296 |   303 |   145 |   249 |   349 ||  1609
Block: Shield            |    32 |    35 |   145 |   243 |   237 |       |       |       |       ||   692
       Large shield      |       |       |       |       |   551 |  1370 |   924 |  1015 |  1741 ||  5601
       Rpst.: Whip       |       |       |       |       |       |       |     1 |       |       ||     1
